 Dungeon Crawl Stone Soup version 0.30-a0-782-ge64f9170bb (webtiles) character file.

Game seed: 339588981335895445

170 senseless the Ducker (level 5, -7/43 HPs)
             Began as a Gnoll Wanderer on Feb 27, 2023.
             Mangled by a gnoll sergeant
             ... wielding a +4 vampiric trident
              (12 damage)
             ... on level 3 of the Dungeon.
             The game lasted 00:10:30 (2784 turns).

senseless the Ducker (Gnoll Wanderer)               Turns: 2784, Time: 00:10:31

Health: -7/43      AC:  3    Str: 12    XL:     5   Next: 51%
Magic:  12/12      EV: 14    Int: 18    God:
Gold:   112        SH:  0    Dex: 14    Spells: 10/14 levels left

rFire   . . .      SeeInvis .    s - +10 flail "Zuppyr" {spect, Str+2}
rCold   . . .      Faith    .    (no shield)
rNeg    . . .      Spirit   .    e - +0 leather armour
rPois   .          Reflect  .    (no helmet)
rElec   .          Harm     .    (no cloak)
rCorr   .          Rampage  .    (no gloves)
Will    +....                    (no boots)
Stlth   ++                       (no amulet)
HPRegen 0.27/turn                f - +6 ring of intelligence
MPRegen 0.13/turn                r - ring of willpower

@: no status effects
A: fangs 1, strong nose, distributed training
a: no special abilities


You were on level 3 of the Dungeon.
You visited 1 branch of the dungeon, and saw 3 of its levels.

You collected 136 gold pieces.
You spent 24 gold pieces at shops.

Inventory:

Hand Weapons
 a - a +0 vampiric dagger
 g - a +1 hand axe of freezing
 s - the +10 flail "Zuppyr" (weapon) {spect, Str+2}
   (You found it on level 3 of the Dungeon)

   Str:       It affects your strength (+2).
Missiles
 b - 3 throwing nets (quivered)
 n - 4 atropa-tipped darts
Armour
 e - a +0 leather armour (worn)
 k - a scarf of harm
Magical Staves
 p - a staff of air
Jewellery
 f - a +6 ring of intelligence (left hand)
 r - a ring of willpower (right hand)
Wands
 h - a wand of flame (17)
Scrolls
 j - 2 scrolls of amnesia
 o - a scroll of teleportation
Potions
 c - a potion of lignification
 d - 2 potions of curing
 i - 3 potions of brilliance {unknown}
 l - a potion of haste {unknown}
 m - a potion of heal wounds
 q - a potion of attraction {unknown}
 t - a potion of flight {unknown}


   Skills:
 + Level 4.8 Fighting
 + Level 1.6 Short Blades
 + Level 1.6 Long Blades
 + Level 1.6 Axes
 + Level 1.6 Maces & Flails
 + Level 1.6 Polearms
 + Level 1.6 Staves
 + Level 1.6 Ranged Weapons
 + Level 1.6 Throwing
 + Level 1.6 Armour
 + Level 6.7 Dodging
 + Level 2.8 Stealth
 + Level 1.6 Shields
 + Level 1.6 Unarmed Combat
 + Level 5.2 Spellcasting
 + Level 1.2 Conjurations
 + Level 1.2 Hexes
 + Level 1.2 Summonings
 + Level 1.2 Necromancy
 + Level 1.2 Translocations
 + Level 1.2 Transmutations
 + Level 1.2 Fire Magic
 + Level 1.2 Ice Magic
 + Level 1.2 Air Magic
 + Level 4.0 Earth Magic
 + Level 1.2 Poison Magic
 + Level 1.8 Invocations
 + Level 1.6 Evocations


You had 10 spell levels left.
You knew the following spells:

 Your Spells              Type           Power      Damage    Failure   Level
a - Sandblast             Erth           38%        2d10      3%          1
b - Stone Arrow           Conj/Erth      28%        3d8       17%         3

Your spell library contained the following spells:

 Spells                   Type           Power      Damage    Failure   Level
 Magic Dart               Conj           36%        1d4       10%         1
 Call Imp                 Summ           9%         N/A       14%         2
 Cigotuvi's Dreadful Rot  Necr/Pois/Air  18%        N/A       14%         2
 Mephitic Cloud           Conj/Pois/Air  9%         N/A       28%         3
 Dispel Undead            Necr           9%         3d8       67%         4
 Death Channel            Necr           4%         N/A       100%        6


Dungeon Overview and Level Annotations

Branches:
Dungeon (3/15)

Altars:
Yredelemnul

Shops:
D:1 ?

Annotations:
D:3 1 transporter


Innate Abilities, Weirdness & Mutations

You have very sharp teeth.
Your uncanny sense of smell can sniff out nearby items.
Your experience applies equally to all skills.


Message History

Press: ? - help, Shift-Dir - straight line, f - adder
Aim: an adder (wandering, hasn't noticed you, 70% to hit)
The blast of sand misses the adder.
The adder hisses angrily.
You sock the adder!
You kill the adder!
Your Earth Magic skill increases to level 4!
There is a transporter here.
You enter the transporter and appear at another place.
The gnoll shouts!
The gnoll sergeant shouts!
You sock the gnoll!
The gnoll is severely wounded.
Your +10 flail "Zuppyr" {spect, Str+2} hits the gnoll!
You kill the gnoll!
You hear a shout! x3
You barely miss the gnoll.
Your +10 flail "Zuppyr" {spect, Str+2} barely misses the gnoll.
You hear a shout!
The gnoll bouda barks out a call to the hunt!
The gnolls pick up the pace!
The gnoll closely misses you.
The gnoll sergeant hits you from afar with a +4 vampiric trident!
The gnoll hits you.
You hear a shout!
You sock the gnoll!
You kill the gnoll!
The gnoll sergeant hits you from afar with a +4 vampiric trident.
The gnoll bouda blocks your attack.
Your +10 flail "Zuppyr" {spect, Str+2} completely misses the gnoll bouda.
The gnoll sergeant hits you from afar with a +4 vampiric trident!
The gnoll closely misses you.
You are too injured to fight recklessly!
You are too injured to fight recklessly!
The gnoll bouda blocks your attack.
The gnoll bouda blocks your +10 flail "Zuppyr" {spect, Str+2}'s attack.
The gnoll sergeant hits you from afar with a +4 vampiric trident!
* * * LOW HITPOINT WARNING * * *
The gnoll bouda closely misses you. The gnoll barely misses you.
The gnoll sergeant hits you from afar with a +4 vampiric trident!
You die...

#...≈≈≈≈≈≈≈≈≈≈≈≈~≈≈≈≈≈≈≈≈≈≈≈≈.#
#...≈≈≈≈≈≈≈≈≈≈≈≈~≈≈≈≈≈≈≈≈≈≈≈≈.#
#.#.≈≈#####...........#####≈≈.##
#.#.≈≈#.#.#.###.©.###.#g#g#≈≈..#
#.#.≈≈#g..###.#####.###...#≈≈..#
^...≈≈###...............###≈≈..#
#.#.≈≈.8#.######g######.#8.≈≈..#
#...≈≈.##.#.⌠.#§(8# .##.≈≈..#
###.~~.#..'...g.@g#∆ ..#.~~..#
#.≈≈.##.#.⌠.#./8# .##.≈≈..#
#.≈≈.8#.######'######.#8.≈≈..#
#.≈≈### . .$∆... .. $.###≈≈..#
#.≈≈#g..###©#####.###...#≈≈..#
#.≈≈#g#.#.###.©.###.#.#.#≈≈..#
###.≈≈#####...........#####≈≈..#
#...≈≈≈≈≈≈≈≈≈≈≈...≈≈≈≈≈≈≈≈≈≈≈..#
#.#.≈≈≈≈≈≈≈≈≈≈≈...≈≈≈≈≈≈≈≈≈≈≈..#


You could see a gnoll sergeant (swift), a gnoll bouda (reflecting), a gnoll
(swift) and a friendly +10 flail "Zuppyr" {spect, Str+2} (summoned, wandering).

Vanquished Creatures
  A scorpion (D:3)
  2 gnolls (D:3)
  2 adders
  2 worms
  A dart slug (D:2)
  5 orcs (D:3)
  6 endoplasms
  5 giant cockroaches
  4 goblins
  3 hobgoblins
  3 jackals (D:3)
  4 kobolds
  7 ball pythons
  4 bats
  4 frilled lizards
  6 rats
59 creatures vanquished.

Vanquished Creatures (others)
  6 plants (D:3)
6 creatures vanquished.

Grand Total: 65 creatures vanquished

Notes
Turn   | Place    | Note
-------+----------+-------------------------------------------
     0 | D:1      | senseless the Gnoll Wanderer began the quest for the Orb.
     0 | D:1      | senseless set off with the following items: a +0 dagger, 3
                  | throwing nets, a potion of lignification, a potion of
                  | curing, a +0 leather armour; and the following spell
                  | memorised: Sandblast; and the following spells available to
                  | memorise: Stone Arrow.
     0 | D:1      | Reached XP level 1. HP: 20/20 MP: 6/6
   265 | D:1      | Reached XP level 2. HP: 26/26 MP: 5/7
   736 | D:1      | Found The Oracle's Delphic Readings.
   740 | D:1      | Bought a scroll of identify for 24 gold pieces
   744 | D:1      | Reached skill level 5 in Spellcasting
   744 | D:1      | Reached XP level 3. HP: 31/31 MP: 6/9
   748 | D:1      | Learned a level 3 spell: Stone Arrow
  1046 | D:2      | Found a faded altar of an unknown god.
  1423 | D:2      | Reached skill level 1 in Invocations
  1777 | D:3      | Reached skill level 1 in Short Blades
  1777 | D:3      | Reached skill level 1 in Long Blades
  1777 | D:3      | Reached skill level 1 in Axes
  1777 | D:3      | Reached skill level 1 in Maces & Flails
  1777 | D:3      | Reached skill level 1 in Polearms
  1777 | D:3      | Reached skill level 1 in Staves
  1777 | D:3      | Reached skill level 1 in Ranged Weapons
  1777 | D:3      | Reached skill level 1 in Throwing
  1777 | D:3      | Reached skill level 1 in Armour
  1777 | D:3      | Reached skill level 1 in Shields
  1777 | D:3      | Reached skill level 1 in Unarmed Combat
  1777 | D:3      | Reached skill level 1 in Evocations
  1986 | D:3      | Reached XP level 4. HP: 18/38 MP: 2/11
  2079 | D:3      | Found a transporter.
  2080 | D:3      | Found a transporter.
  2083 | D:3      | Identified the +4 ring mail "Avoa" {Will+}
  2083 | D:3      | Identified the +1 buckler of the Vestibule of Hell {rC+ rN+
                  | Dex+4}
  2083 | D:3      | Noticed a gnoll sergeant
  2308 | D:3      | Noticed a scorpion
  2317 | D:3      | Killed a scorpion
  2318 | D:3      | Reached skill level 1 in Conjurations
  2318 | D:3      | Reached skill level 1 in Hexes
  2318 | D:3      | Reached skill level 1 in Summonings
  2318 | D:3      | Reached skill level 1 in Necromancy
  2318 | D:3      | Reached skill level 1 in Translocations
  2318 | D:3      | Reached skill level 1 in Transmutations
  2318 | D:3      | Reached skill level 1 in Fire Magic
  2318 | D:3      | Reached skill level 1 in Ice Magic
  2318 | D:3      | Reached skill level 1 in Air Magic
  2318 | D:3      | Reached skill level 1 in Poison Magic
  2318 | D:3      | Reached XP level 5. HP: 17/43 MP: 5/12
  2498 | D:3      | Identified the +10 flail "Zuppyr" {spect, Str+2}
  2660 | D:3      | Found a basalt altar of Yredelemnul.
  2784 | D:3      | Mangled by a gnoll sergeant

Illustrated notes

Levels and vault maps discovered:
D:1:      mrwooster_arrival_statue, layout_basic, palyth_stone_intersect,
          minmay_door_square, nicolae_nh_oracle_at_delphi
D:2:      layout_loops_cross, ebering_ecumenical_altar_sacrificial
D:3:      minmay_octagon_keep, layout_loops_ring,
          mainiacjoe_overflow_concentric_impassable,
          gammafunk_ghost_gnarly_gnolls

Skill      XL: |  1  2  3  4  5 |
---------------+----------------+-----
Spellcasting   | 5 |  5.2
Invocations    | 1 |  1.8
Short Blades   | 1 |  1.6
Long Blades    | 1 |  1.6
Axes           | 1 |  1.6
Maces & Flails | 1 |  1.6
Polearms       | 1 |  1.6
Staves         | 1 |  1.6
Ranged Weapons | 1 |  1.6
Throwing       | 1 |  1.6
Armour         | 1 |  1.6
Shields        | 1 |  1.6
Unarmed Combat | 1 |  1.6
Evocations     | 1 |  1.6
Conjurations   | 1 |  1.2
Hexes          | 1 |  1.2
Summonings     | 1 |  1.2
Necromancy     | 1 |  1.2
Translocations | 1 |  1.2
Transmutations | 1 |  1.2
Fire Magic     | 1 |  1.2
Ice Magic      | 1 |  1.2
Air Magic      | 1 |  1.2
Poison Magic   | 1 |  1.2
Earth Magic    | 4 |  4.0
Fighting       | |  4.8
Dodging        | |  6.7
Stealth        | |  2.8

Action                     |  1- 3 |  4- 6 || total
---------------------------+-------+-------++-------
  Melee: Dagger            |    33 |    12 ||    45
         Bite              |     3 |     2 ||     5
         Punch             |     1 |       ||     1
         Hand axe          |       |     4 ||     4
         Flail             |       |    13 ||    13
   Cast: Sandblast         |    55 |    22 ||    77
         Stone Arrow       |     3 |       ||     3
    Use: Scroll            |     9 |       ||     9
         Potion            |       |     2 ||     2
 Armour: Leather armour    |    14 |       ||    14
  Dodge: Dodged            |    28 |    24 ||    52

Table legend: (Time is in decaauts)
 A = Elapsed time spent in this place.
 B = Non-inter-level travel time spent in this place.
 C = Inter-level travel time spent in this place.
 D = Time resting spent in this place.
 E = Time spent auto-exploring this place.
 F = Levels seen in this place.
 G = Mean time per level.
                   A        B        C        D        E       F      G
               +--------+--------+--------+--------+--------+-----+--------+
         Total |   2822 |   2743 |     79 |    236 |   2123 |   3 |  940.7 |
       Dungeon |   2822 |   2743 |     79 |    236 |   2123 |   3 |  940.7 |
               +--------+--------+--------+--------+--------+-----+--------+

Top non-repeatable levels by time:
     D:3: 1030 daAuts
     D:1: 976 daAuts
     D:2: 815 daAuts
